 Dungeon Crawl Stone Soup version 0.27-a0-409-gd57800a693 (webtiles) character file.

Game seed: 9207546186010459521

82 ReteAZ the Insei (level 4, -3/28 HPs)
             Began as an Octopode Transmuter on Feb 23, 2021.
             Slain by an orc (5 damage)
             ... on level 2 of the Dungeon.
             The game lasted 00:03:42 (2153 turns).

ReteAZ the Insei (Octopode Transmuter)              Turns: 2153, Time: 00:03:43

Health: -3/28      AC:  1    Str:  9    XL:     4   Next: 43%
Magic:  7/7        EV: 13    Int: 15    God:
Gold:   77         SH:  0    Dex: 13    Spells: 7/8 levels left

rFire    . . .     SeeInvis .     - Unarmed
rCold    . . .     Faith    .   (no shield)
rNeg     . . .     Spirit   .   (helmet restricted)
rPois    .         Reflect  .   (no amulet)
rElec    .         Harm     .   (no ring)
rCorr    .         Rampage  .   (no ring)
Will     .....                  (no ring)
Stlth    ++........             (no ring)
HPRegen  0.09/turn              (no ring)
MPRegen  0.10/turn              (no ring)
                                (no ring)
                                (no ring)

@: mighty, lethally poisoned (-3 -> -6), flying
A: almost no armour, stealthy swim, amphibious, 8 rings, constrict 8, camouflage
1, gelatinous body 1
a: no special abilities


You were on level 2 of the Dungeon.
You visited 1 branch of the dungeon, and saw 3 of its levels.

You collected 77 gold pieces.

Inventory:

Jewellery
 d - a +6 ring of strength {unknown}
 g - a ring of fire {unknown}
Scrolls
 a - 3 scrolls of teleportation {unknown}
 b - a scroll of enchant weapon {unknown}
 c - a scroll of immolation {unknown}
 j - a scroll of amnesia {unknown}
 k - 3 scrolls of identify {unknown}
 m - 2 scrolls of blinking {unknown}
Potions
 e - a potion of flight
 f - a potion of might
 h - a potion of curing {unknown}
 i - a potion of attraction {unknown}
 l - a potion of heal wounds {unknown}


   Skills:
 - Level 1.0 Fighting
 - Level 2.0 Dodging
 * Level 3.9 Unarmed Combat
 + Level 2.5 Spellcasting
 * Level 3.2 Transmutations


You had 7 spell levels left.
You knew the following spells:

 Your Spells              Type           Power        Failure   Level
a - Beastly Appendage     Tmut           22%          5%          1

Your spell library contained the following spells:

 Spells                   Type           Power        Failure   Level
 Wereblood                Tmut           11%          9%          2
 Spider Form              Tmut/Pois      3%           32%         3
 Ice Form                 Ice/Tmut       6%           71%         4
 Blade Hands              Tmut           5%           83%         5


Dungeon Overview and Level Annotations

Branches:
Dungeon (3/15)

Altars:

Annotations:
D:2 1 runed translucent door, Crazy Yiuf


Innate Abilities, Weirdness & Mutations

You cannot wear most types of armour.
You are very stealthy in the water. (Stealth+)
You are amphibious.
You can wear up to eight rings at the same time.
You can use your tentacles to constrict eight enemies at once.
Your skin changes colour to match your surroundings (Stealth+).
Your rubbery body absorbs attacks. (AC +1, EV +1)


Message History

The kobold shouts!
The kobold throws a poisoned dart.
The poisoned dart hits you!
You are poisoned.
You feel sick.
The orc shouts!
The kobold hits you with a +0 whip!
You feel sick.
You feel sick.
You feel sick.
You feel sick. The phantom closely misses you.
You feel sick.
You feel sick.
The kobold throws a poisoned dart.
The poisoned dart closely misses you.
You feel sick.
The kobold throws a poisoned dart.
The poisoned dart hits you.
You are more poisoned.
You feel sick.
You feel sick.
You feel sick.
You feel sick.
You feel sick.
There is a stone staircase leading up here.
The orc closely misses you.
You climb upwards.
Level annotation: 1 runed translucent door, Crazy Yiuf You feel sick.
There is a stone staircase leading down here.
You closely miss the orc. You grab the orc. You constrict the orc.
The orc hits you.
* * * LOW HITPOINT WARNING * * *
It was a potion of might.
You feel very mighty all of a sudden.
You constrict the orc.
* * * LOW HITPOINT WARNING * * *
You feel sick. The orc hits you.
* * * LOW HITPOINT WARNING * * *
It was a potion of flight.
You feel very buoyant.
You fly up into the air.
You constrict the orc. The orc hits you.
You die...

..# #.........#....#
#.# #####
#.........#....# #.#
#...# #.........#....#
#.#####.##
#.........#....# ....#
#..# #.........#....#
....#
##.#########....#....#
....#
#.........#....#....#
#####
##........o.#########
#.......@###
#........# #........#
#........# #........#
#........# ##########


You could see an orc.

Vanquished Creatures
  3 gnolls
  An adder (D:2)
  A worm (D:2)
  A dart slug (D:1)
  3 leopard geckos
  An orc (D:3)
  2 giant cockroaches (D:1)
  4 goblins (D:1)
  4 hobgoblins
  3 bats
  2 frilled lizards
  6 kobolds
  7 rats
38 creatures vanquished.

Vanquished Creatures (others)
  2 fungi (D:2)
2 creatures vanquished.

Grand Total: 40 creatures vanquished

Notes
Turn   | Place    | Note
-------+----------+-------------------------------------------
     0 | D:1      | ReteAZ the Octopode Transmuter began the quest for the Orb.
     0 | D:1      | Reached XP level 1. HP: 13/13 MP: 3/3
   186 | D:1      | Reached XP level 2. HP: 18/18 MP: 5/5
   747 | D:1      | Reached XP level 3. HP: 21/23 MP: 6/6
  1523 | D:2      | Found a runed translucent door.
  1524 | D:2      | Noticed Crazy Yiuf
  1668 | D:2      | Reached XP level 4. HP: 23/28 MP: 7/7
  2127 | D:3      | Noticed a phantom
  2152 | D:2      | HP: 1/28 [orc (2)]
  2153 | D:2      | Slain by an orc

Illustrated notes

Levels and vault maps discovered:
D:1:      lightli_iron_boxes, layout_basic
D:2:      layout_rooms, uniq_crazy_yiuf_cottage
D:3:      layout_basic

Skill      XL: |  1  2  3 |
---------------+----------+-----
Transmutations | 3 |  3.2
Fighting       | |  1.0
Dodging        | |  2.0
Unarmed Combat | |  3.9
Spellcasting   | |  2.5

Action                   |  1- 3 |  4- 6 || total
-------------------------+-------+-------++-------
Melee: Unarmed           |    80 |    23 ||   103
       Constrict         |    19 |     9 ||    28
       Tentacles         |    11 |     5 ||    16
       Punch             |     1 |       ||     1
  Use: Potion            |       |     2 ||     2
 Stab: Sleeping          |     3 |     2 ||     5
Armor: Skin              |     4 |     2 ||     6
Dodge: Dodged            |    52 |    17 ||    69

Table legend: (Time is in decaauts)
 A = Elapsed time spent in this place.
 B = Non-inter-level travel time spent in this place.
 C = Inter-level travel time spent in this place.
 D = Time resting spent in this place.
 E = Time spent auto-exploring this place.
 F = Levels seen in this place.
 G = Mean time per level.
                   A        B        C        D        E       F      G
               +--------+--------+--------+--------+--------+-----+--------+
         Total |   2147 |   2055 |     92 |    226 |   1434 |   3 |  715.7 |
       Dungeon |   2147 |   2055 |     92 |    226 |   1434 |   3 |  715.7 |
               +--------+--------+--------+--------+--------+-----+--------+

Top non-repeatable levels by time:
     D:1: 1007 daAuts
     D:2: 983 daAuts
     D:3: 157 daAuts
